 Dungeon Crawl Stone Soup version 0.21.1-1-g345015f (webtiles) character file.

480 tidbits the Charmwright (level 7, 0/84 HPs)
             Began as a Gnoll Skald on June 18, 2018.
             Slain by an orc warrior
             ... wielding a cursed -2 mace
              (12 damage)
             ... on level 7 of the Dungeon.
             The game lasted 00:10:00 (803 turns).

tidbits the Charmwright (Gnoll Skald)                Turns: 803, Time: 00:10:00

Health: 0/84       AC: 23    Str: 13    XL:     7   Next: 12%
Magic:  8/15       EV:  2    Int: 18    God:
Gold:   6          SH:  4    Dex: 14    Spells: 6/17 levels left

rFire    . . .     SeeInvis .   a - +0 war axe
rCold    . . .     Gourm    .   D - +0 buckler
rNeg     + + +     Faith    .   (armour currently unavailable)
rPois    +         Spirit   .   (helmet currently unavailable)
rElec    .         Reflect  .   (cloak currently unavailable)
rCorr    .         Harm     .   (gloves currently unavailable)
MR       .....     NoTele   +   (boots currently unavailable)
Stlth    ++........             (no amulet)
HPRegen  0.24/turn              (no ring)
MPRegen  0.14/turn              (no ring)

@: tree-form, singing
A: distributed training, strong nose
a: no special abilities


You were on level 7 of the Dungeon.
You were not hungry.
You were a tree.
You visited 1 branch of the dungeon, and saw 7 of its levels.

You collected 97 gold pieces.
You spent 91 gold pieces at shops.

Inventory:

Hand Weapons
 a - a +0 war axe (weapon)
 b - a +0 hand axe
 i - a +0 dagger
 t - a +2 dagger of venom
   (You took it off a goblin on level 2 of the Dungeon)
Missiles
 g - 54 arrows
Armour
 l - a +0 leather armour (melded)
 n - a +0 ring mail
 p - a +1 ring mail of cold resistance
   (You took it off an orc on level 3 of the Dungeon)
 D - a +0 buckler (worn)
 E - a +2 helmet (melded)
Scrolls
 f - 3 scrolls of remove curse {unknown}
 j - 2 scrolls of teleportation {unknown}
 k - a scroll of noise {unknown}
 o - 3 scrolls of identify {unknown}
 q - 2 scrolls of random uselessness {unknown}
 r - a scroll of enchant weapon {unknown}
Potions
 h - 2 potions of curing
 m - a potion of flight {unknown}
 s - a potion of brilliance {unknown}
Books
 d - a book of Battle

   Spells                             Type                      Level
   a - Infusion                       Charms                       1
   b - Shroud of Golubria             Charms/Translocation         2
   c - Song of Slaying                Charms                       2
   d - Spectral Weapon                Hexes/Charms                 3
   e - Regeneration                   Charms/Necromancy            3
Comestibles
 c - 5 rations


   Skills:
 + Level 5.1 Fighting
 + Level 2.2 Short Blades
 + Level 2.2 Long Blades
 + Level 5.1 Axes
 + Level 2.2 Maces & Flails
 + Level 2.2 Polearms
 + Level 2.2 Staves
 + Level 2.2 Slings
 + Level 2.2 Bows
 + Level 2.2 Crossbows
 + Level 2.2 Throwing
 + Level 3.4 Armour
 + Level 5.1 Dodging
 + Level 2.2 Stealth
 + Level 2.2 Shields
 + Level 2.2 Unarmed Combat
 + Level 5.5 Spellcasting
 + Level 1.8 Conjurations
 + Level 1.8 Hexes
 + Level 5.7 Charms
 + Level 1.8 Summonings
 + Level 1.8 Necromancy
 + Level 1.8 Translocations
 + Level 1.8 Transmutations
 + Level 1.8 Fire Magic
 + Level 1.8 Ice Magic
 + Level 1.8 Air Magic
 + Level 1.8 Earth Magic
 + Level 1.8 Poison Magic
 + Level 2.5 Invocations
 + Level 2.2 Evocations


You had 6 spell levels left.
You knew the following spells:

 Your Spells              Type           Power        Failure   Level  Hunger
g - Shroud of Golubria    Chrm/Tloc      ###.......   4%          2    #......
i - Infusion              Chrm           ####         1%          1    None
r - Regeneration          Chrm/Necr      ###.......   10%         3    ##.....
w - Spectral Weapon       Hex/Chrm       ###.....     10%         3    ##.....
y - Song of Slaying       Chrm           ####....     2%          2    #......


Dungeon Overview and Level Annotations

Branches:
Dungeon (7/15)
 Temple: D:4-7

Altars:
Ashenzari
Kikubaaqudgha
Xom
Beogh

Shops:
D:6 (

Annotations:
D:3 Jessica


Innate Abilities, Weirdness & Mutations

Your experience applies equally to all skills.
((You have very sharp teeth.))
Your uncanny sense of smell can sniff out nearby items.


Message History

The orc hits your spectral weapon with a hand axe.
Your spectral weapon shares its damage with you!
The orc priest closely misses you.
A hippogriff comes into view.
You hit the orc. You bite the orc, but do no damage.
The orc is lightly wounded.
Your spectral weapon hits the orc!
You kill the orc!
The orc priest hits you from afar with a trident.
A worker ant zombie comes into view.
You hit the orc priest.
The orc priest is moderately wounded.
Your spectral weapon barely misses the orc priest. x2
The orc priest closely misses you. The orc priest completely misses you.
The orc priest calls down the wrath of Beogh upon you.
Beogh smites you!
* * * LOW HITPOINT WARNING * * *
You barely miss the orc priest.
The orc priest is moderately wounded.
You completely miss the centaur zombie.
Your spectral weapon hits the orc priest!
You kill the orc priest!
You have reached level 7!
Your spectral weapon barely misses the orc priest.
The centaur zombie barely misses you.
The orc priest hits you from afar with a trident.
* * * LOW HITPOINT WARNING * * *
The worker ant zombie misses you. You block the centaur zombie's attack.
A phantom comes into view.
You see here a club.
You turn into a tree.
Your +2 helmet melds into your body.
Your +0 leather armour melds into your body.
Your roots penetrate the ground.
The worker ant zombie bites you but does no damage.
You block the centaur zombie's attack.
The orc priest hits you but does no damage.
Unknown command.
You closely miss the orc warrior. You slash the worker ant zombie!
You hit the centaur zombie.
Your spectral weapon barely misses the orc warrior.
Your spectral weapon hits the centaur zombie.
The worker ant zombie barely misses you.
The centaur zombie hits you but does no damage.
The orc priest hits you but does no damage.
You block the orc warrior's attack.
The phantom blinks!
You block the centaur zombie's attack.
The worker ant zombie bites you but does no damage.
You hit the orc warrior.
The orc warrior is lightly wounded.
You hit the worker ant zombie. You slash the centaur zombie!
Your spectral weapon hits the orc warrior!
Your spectral weapon hits the centaur zombie.
The centaur zombie hits your spectral weapon.
The orc priest hits you but does no damage.
The worker ant zombie bites you but does no damage.
The orc warrior hits you with a mace.
* * * LOW HITPOINT WARNING * * *
You slash the centaur zombie!
The centaur zombie is almost destroyed.
You hit the orc warrior. You hit the worker ant zombie.
Your spectral weapon hits the centaur zombie!
You destroy the centaur zombie!
Your spectral weapon hits the orc warrior but does no damage.
The worker ant zombie bites you.
* * * LOW HITPOINT WARNING * * *
The orc priest hits you but does no damage.
The orc warrior hits you but does no damage.
You barely miss the orc warrior.
The orc warrior is heavily wounded.
You hit the worker ant zombie.
Your spectral weapon barely misses the orc warrior.
The worker ant zombie bites you but does no damage.
The orc priest hits you but does no damage.
The orc warrior hits you with a mace.
* * * LOW HITPOINT WARNING * * *
You hit the orc warrior.
The orc warrior is heavily wounded.
You hit the worker ant zombie but do no damage.
Your spectral weapon hits the orc warrior.
The worker ant zombie bites you but does no damage.
The orc priest hits you but does no damage.
The orc warrior hits you but does no damage.
The worker ant zombie bites you but does no damage.
You closely miss the orc warrior.
The orc warrior is heavily wounded.
You completely miss the worker ant zombie.
Your spectral weapon hits the orc warrior but does no damage.
The orc priest hits you from afar with a trident.
* * * LOW HITPOINT WARNING * * *
The orc warrior hits you with a mace.
* * * LOW HITPOINT WARNING * * *
The worker ant zombie bites you but does no damage.
You hit the orc warrior.
The orc warrior is severely wounded.
You hit the worker ant zombie.
Your spectral weapon barely misses the orc warrior.
The orc priest hits you but does no damage.
The worker ant zombie bites you but does no damage.
The orc warrior hits you with a mace!
You die...

......
^.....##
^......#
/....#
#####
...o#
#....
#oH###..#
#Zo##..#
#(♣(..##
#...### ∆
#....#
........#
∆
#..#.#...
#..#.#>#..
## #......
...#.#..
.# #.


You could see a hippogriff, an orc warrior, an orc priest, an orc, a worker ant
zombie and a friendly spectral war axe.

Vanquished Creatures
  A water moccasin (D:3)
  An orc warrior (D:6)
  An ogre (D:6)
  A centaur zombie (D:7)
  An orc priest (D:7)
  2 hound skeletons
  Robin (D:2)
  An adder (D:4)
  2 oozes
  An adder zombie (D:6)
  2 worms (D:3)
  3 dart slugs (D:1)
  A leopard gecko (D:3)
  7 orcs
  2 bats
  2 giant cockroaches
  5 hobgoblins
  6 jackals (D:1)
  A quokka (D:3)
  2 ball pythons
  2 frilled lizards
  15 goblins
  4 kobolds
  5 rats
69 creatures vanquished.

Notes
Turn   | Place    | Note
-------+----------+-------------------------------------------
     0 | D:1      | tidbits the Gnoll Skald began the quest for the Orb.
     0 | D:1      | Reached XP level 1. HP: 20/20 MP: 6/6
    60 | D:1      | Reached XP level 2. HP: 26/26 MP: 1/7
    67 | D:1      | Learned a level 2 spell: Song of Slaying
    70 | D:1      | Learned a level 2 spell: Shroud of Golubria
   187 | D:1      | Reached XP level 3. HP: 17/31 MP: 2/9
   192 | D:1      | Learned a level 3 spell: Regeneration
   196 | D:1      | Learned a level 3 spell: Spectral Weapon
   204 | D:1      | Reached skill level 5 in Spellcasting
   254 | D:2      | Noticed Robin
   258 | D:2      | Reached skill level 1 in Invocations
   263 | D:2      | Reached skill level 1 in Short Blades
   263 | D:2      | Reached skill level 1 in Long Blades
   263 | D:2      | Reached skill level 1 in Maces & Flails
   263 | D:2      | Reached skill level 1 in Polearms
   263 | D:2      | Reached skill level 1 in Staves
   263 | D:2      | Reached skill level 1 in Slings
   263 | D:2      | Reached skill level 1 in Bows
   263 | D:2      | Reached skill level 1 in Crossbows
   263 | D:2      | Reached skill level 1 in Throwing
   263 | D:2      | Reached skill level 1 in Stealth
   263 | D:2      | Reached skill level 1 in Shields
   263 | D:2      | Reached skill level 1 in Unarmed Combat
   263 | D:2      | Reached skill level 1 in Evocations
   264 | D:2      | Killed Robin
   264 | D:2      | Reached XP level 4. HP: 13/38 MP: 2/11
   297 | D:3      | Found a shattered altar of Ashenzari.
   304 | D:3      | Found a roughly hewn altar of Beogh.
   409 | D:3      | Found an ancient bone altar of Kikubaaqudgha.
   409 | D:3      | Noticed a water moccasin
   423 | D:3      | Killed a water moccasin
   423 | D:3      | Reached skill level 3 in Armour
   423 | D:3      | Reached skill level 1 in Conjurations
   423 | D:3      | Reached skill level 1 in Hexes
   423 | D:3      | Reached skill level 1 in Summonings
   423 | D:3      | Reached skill level 1 in Necromancy
   423 | D:3      | Reached skill level 1 in Translocations
   423 | D:3      | Reached skill level 1 in Transmutations
   423 | D:3      | Reached skill level 1 in Fire Magic
   423 | D:3      | Reached skill level 1 in Ice Magic
   423 | D:3      | Reached skill level 1 in Air Magic
   423 | D:3      | Reached skill level 1 in Earth Magic
   423 | D:3      | Reached skill level 1 in Poison Magic
   423 | D:3      | Reached XP level 5. HP: 21/43 MP: 4/12
   494 | D:3      | Noticed Jessica
   639 | D:5      | Entered Level 5 of the Dungeon
   658 | D:6      | Found a shimmering altar of Xom.
   666 | D:6      | Noticed an ogre
   667 | D:6      | Found a shimmering altar of Xom.
   668 | D:6      | Found Omox Neq's Antique Weapon Boutique.
   676 | D:6      | Bought a war axe for 91 gold pieces
   685 | D:6      | Killed an ogre
   685 | D:6      | Reached skill level 2 in Invocations
   685 | D:6      | Reached XP level 6. HP: 50/50 MP: 2/14
   728 | D:6      | Noticed an orc warrior
   736 | D:6      | Reached skill level 5 in Fighting
   736 | D:6      | Reached skill level 5 in Axes
   736 | D:6      | Reached skill level 5 in Dodging
   740 | D:6      | Killed an orc warrior
   740 | D:6      | Reached skill level 2 in Short Blades
   740 | D:6      | Reached skill level 2 in Long Blades
   740 | D:6      | Reached skill level 2 in Maces & Flails
   740 | D:6      | Reached skill level 2 in Polearms
   740 | D:6      | Reached skill level 2 in Staves
   740 | D:6      | Reached skill level 2 in Slings
   740 | D:6      | Reached skill level 2 in Bows
   740 | D:6      | Reached skill level 2 in Crossbows
   740 | D:6      | Reached skill level 2 in Throwing
   740 | D:6      | Reached skill level 2 in Stealth
   740 | D:6      | Reached skill level 2 in Shields
   740 | D:6      | Reached skill level 2 in Unarmed Combat
   740 | D:6      | Reached skill level 2 in Evocations
   785 | D:7      | Noticed an orc warrior
   792 | D:7      | Noticed a hippogriff
   794 | D:7      | Reached XP level 7. HP: 21/56 MP: 6/15
   803 | D:7      | Slain by an orc warrior

Skill      XL: |  1  2  3  4  5  6 |
---------------+-------------------+-----
Spellcasting   | 5 |  5.5
Invocations    | 1 2 |  2.5
Short Blades   | 1 2 |  2.2
Long Blades    | 1 2 |  2.2
Maces & Flails | 1 2 |  2.2
Polearms       | 1 2 |  2.2
Staves         | 1 2 |  2.2
Slings         | 1 2 |  2.2
Bows           | 1 2 |  2.2
Crossbows      | 1 2 |  2.2
Throwing       | 1 2 |  2.2
Stealth        | 1 2 |  2.2
Shields        | 1 2 |  2.2
Unarmed Combat | 1 2 |  2.2
Evocations     | 1 2 |  2.2
Armour         | 3 |  3.4
Conjurations   | 1 |  1.8
Hexes          | 1 |  1.8
Summonings     | 1 |  1.8
Necromancy     | 1 |  1.8
Translocations | 1 |  1.8
Transmutations | 1 |  1.8
Fire Magic     | 1 |  1.8
Ice Magic      | 1 |  1.8
Air Magic      | 1 |  1.8
Earth Magic    | 1 |  1.8
Poison Magic   | 1 |  1.8
Fighting       | 5 |  5.1
Axes           | 5 |  5.1
Dodging        | 5 |  5.1
Charms         | |  5.7

Action                   |  1- 3 |  4- 6 |  7- 9 || total
-------------------------+-------+-------+-------++-------
Melee: Hand axe          |    49 |       |       ||    49
       Unarmed           |     9 |       |       ||     9
       Bite              |     4 |    11 |       ||    15
       Dagger            |       |    66 |       ||    66
       War axe           |       |    14 |     7 ||    21
Throw: Stone             |     4 |       |       ||     4
 Cast: Infusion          |     4 |     1 |       ||     5
       Song of Slaying   |     3 |     4 |       ||     7
       Shroud of Golubri |     1 |     5 |       ||     6
       Regeneration      |       |     3 |       ||     3
       Spectral Weapon   |       |     3 |       ||     3
  Use: Potion            |     1 |     1 |     1 ||     3
 Stab: Sleeping          |     1 |     1 |       ||     2
  Eat: Chunk             |       |     1 |       ||     1
Armor: Leather armour    |    14 |    15 |       ||    29
       Skin              |    13 |       |    18 ||    31
Dodge: Dodged            |    48 |    51 |     3 ||   102
Block: Buckler           |       |    11 |     4 ||    15

Table legend:
 A = Turns spent in this place as a percentage of turns spent in the entire game.
 B = Non-inter-level travel turns spent in this place as a percentage of non-inter-level travel turns spent in the entire game.
 C = Inter-level travel turns spent in this place as a percentage of turns spent in this place.
 D = Turns resting spent in this place as a percentage of non-inter-level travel turns spent in this place.
 E = Turns spent auto-exploring this place as a percentage of non-inter-level travel turns spent in this place.
 F = Non-inter-level travel turns spent in this place divided by the number of levels of this place that you've seen.
                   A       B       C       D       E      F
               +-------+-------+-------+-------+-------+----------------------
         Total | 100.0 | 100.0 |   0.0 |   0.0 |   0.0 | 114.7
       Dungeon | 100.0 | 100.0 |   0.0 |   0.0 |   0.0 | 114.7
               +-------+-------+-------+-------+-------+----------------------

Table legend:
 A = Kills in this place as a percentage of kills in entire the game.
 B = Kills by you in this place as a percentage of kills by you in the entire game.
 C = Kills by friends in this place as a percentage of kills by friends in the entire game.
 D = Other kills in this place as a percentage of other kills in the entire game.
 E = Experience gained in this place as a percentage of experience gained in the entire game.
 F = Experience gained in this place divided by the number of levels of this place that you have seen.
                   A       B       C       D       E      F
               +-------+-------+-------+-------+-------+----------------------
         Total | 100.0 | 100.0 |   N/A |   N/A | 100.0 |  98.1
       Dungeon | 100.0 | 100.0 |   N/A |   N/A | 100.0 |  98.1
               +-------+-------+-------+-------+-------+----------------------

Vault maps used:
D:1:      dpeg_arrival_ternary, lemuel_old_faithful
D:2:      interstate_on_off, uniq_crazy_yiuf_cottage, uniq_robin
D:3:      tso_oasis_becter, kiku_gazebo_pond_becter, ashenzari_altar_1,
          kennysheep_orc_chapel, uniq_grinder, uniq_jessica
D:4:      minmay_temple_entry_grid, first_ration, bloody_makhleb
D:5:      uniq_sigmund
D:6:      nicolae_qazlal_style_of_elements, kennysheep_mini_moat, serial_shops,
          nicolae_shop_temple_entry_statues_fountains, xom_redecorated
D:7:      kennysheep_mini, grunt_livestock, minmay_holes, water_boxes_lemuel,
          uniq_prince_ribbit1
